 Dungeon Crawl Stone Soup version 0.30-a0-883-g5ad918d77d (webtiles) character file.

Game seed: 11960149141347471414

63 Zeldest the Slasher (level 4, 0/35 HPs)
             Began as a Barachi Reaver on Mar 15, 2023.
             Slain by a phantom (5 damage)
             ... on level 2 of the Dungeon.
             The game lasted 00:05:05 (1351 turns).

Zeldest the Slasher (Barachi Reaver)                Turns: 1351, Time: 00:05:06

Health: 0/35       AC:  3    Str: 13    XL:     4   Next: 10%
Magic:  16/16      EV: 11    Int: 16    God:
Gold:   97         SH:  3    Dex: 10    Spells: 6/7 levels left

rFire   . . .      SeeInvis .    a - +0 falchion
rCold   . . .      Faith    .    c - +0 buckler
rNeg    . . .      Spirit   .    b - +0 leather armour
rPois   .          Reflect  .    (no helmet)
rElec   .          Rampage  .    (no cloak)
rCorr   +                        (no gloves)
Will    .....                    (no boots)
Stlth   +                        (no amulet)
HPRegen 0.25/turn                h - ring of resist corrosion
MPRegen 0.15/turn                j - ring of magical power

@: slow
A: amphibious, slowness 1, strong legs 1, +LOS
a: Hop


You were on level 2 of the Dungeon.
You visited 1 branch of the dungeon, and saw 2 of its levels.

You collected 97 gold pieces.

Inventory:

Hand Weapons
 a - a +0 falchion (weapon)
Armour
 b - a +0 leather armour (worn)
 c - a +0 buckler (worn)
Jewellery
 h - a ring of resist corrosion (left hand)
 i - a ring of fire
 j - a ring of magical power (right hand)
Scrolls
 d - a scroll of identify {unknown}
 f - a scroll of silence {unknown}
Potions
 e - a potion of might {unknown}


   Skills:
 + Level 3.2 Fighting
 - Level 4.1 Long Blades
 - Level 2.1 Dodging
 - Level 2.1 Spellcasting
 + Level 3.8 Conjurations
 + Level 0.4 Translocations
 + Level 1.9 Air Magic


You had 6 spell levels left.
You knew the following spells:

 Your Spells              Type           Power      Damage    Failure   Level
a - Kiss of Death         Conj/Necr      28%        2d7       17%         1

Your spell library contained the following spells:

 Spells                   Type           Power      Damage    Failure   Level
 Momentum Strike          Conj/Tloc      16%        3d8       22%         2
 Blink                    Tloc           6%         N/A       43%         2
 Lesser Beckoning         Tloc           6%         N/A       43%         2
 Hailstorm                Conj/Ice       7%         3d4       45%         3


Dungeon Overview and Level Annotations

Branches:
Dungeon (2/15)

Altars:

Shops:
D:1 :


Innate Abilities, Weirdness & Mutations

You are amphibious.
You cover ground slowly.
You can hop short distances.
You have an extended range of vision and can be seen from far away.


Message History

You barely miss the phantom.
The phantom is heavily damaged.
The phantom barely misses you.
You hit the phantom.
The phantom is severely damaged.
The phantom hits you.
* * * LOW HITPOINT WARNING * * *
The phantom blinks!
You blink.
You hit the phantom.
The phantom is severely damaged.
The phantom barely misses you.
You hit the phantom.
The phantom is almost destroyed.
The phantom hits you.
* * * LOW HITPOINT WARNING * * *
You hit the phantom but do no damage.
The phantom is almost destroyed.
The phantom barely misses you.
It was a potion of curing.
You feel better. The phantom hits you.
The phantom blinks!
You blink.
The phantom barely misses you. The phantom hits you.
* * * LOW HITPOINT WARNING * * *
You miss the phantom.
The phantom is severely damaged.
The phantom closely misses you.
You hit the phantom but do no damage.
The phantom is severely damaged.
The phantom hits you.
* * * LOW HITPOINT WARNING * * *
You feel better. The phantom misses you.
You hit the phantom.
The phantom is almost destroyed.
The phantom closely misses you.
You hit the phantom.
The phantom is almost destroyed.
The phantom hits you.
* * * LOW HITPOINT WARNING * * *
The phantom blinks!
You blink.
The phantom hits you.
You die...

.........# #...# .........# #...#
.........# #...## .........# #....#
.........# #....############
.........# #....##..........
.........# #####.#.##..........
........######...................
...........ยงยง.w.@>....#..........
###.....#####....W..(.#.<........ #
#.....# #.........#.......... #
#.....# #.........#...(......
###.....# #.........#..........
.....##### #.........#..........
####.....####.........#..........
########......#....#.............
...................#.###.########


You could see a phantom and a worm.

Vanquished Creatures
  An adder (D:2)
  3 dart slugs (D:1)
  6 endoplasms
  3 giant cockroaches (D:1)
  5 goblins
  2 hobgoblins
  2 jackals (D:2)
  3 kobolds
  3 quokkas
  3 ball pythons (D:1)
  2 bats (D:1)
  3 frilled lizards (D:1)
  8 rats (D:1)
44 creatures vanquished.

Notes
Turn   | Place    | Note
-------+----------+-------------------------------------------
     0 | D:1      | Zeldest the Barachi Reaver began the quest for the Orb.
     0 | D:1      | Reached XP level 1. HP: 17/17 MP: 3/3
     8 | D:1      | Found Jaifuh's Book Shoppe.
   102 | D:1      | Reached XP level 2. HP: 22/23 MP: 5/5
   193 | D:1      | Reached skill level 1 in Air Magic
   356 | D:1      | Reached skill level 4 in Long Blades
   405 | D:1      | Reached XP level 3. HP: 28/28 MP: 6/6
  1300 | D:2      | Noticed a phantom
  1319 | D:2      | Reached XP level 4. HP: 34/35 MP: 7/7
  1348 | D:2      | HP: 1/35 [phantom (6)]
  1351 | D:2      | Slain by a phantom

Illustrated notes

Levels and vault maps discovered:
D:1:      amcnicky_arrival_flooded_fountain, layout_basic, serial_shops,
          nicolae_diamond_shop, chequers_serial_rivers_micro_d,
          minmay_rat_gold_closets
D:2:      layout_basic, minmay_misc_feat_plants

Skill      XL: |  1  2  3 |
---------------+----------+-----
Air Magic      | 1 |  1.9
Long Blades    | 4 |  4.1
Fighting       | 3 |  3.2
Dodging        | |  2.1
Spellcasting   | |  2.1
Conjurations   | |  3.8
Translocations | |  0.4

Action                     |  1- 3 |  4- 6 || total
---------------------------+-------+-------++-------
  Melee: Falchion          |   159 |    23 ||   182
         Punch             |     1 |       ||     1
    Use: Potion            |       |     2 ||     2
 Armour: Leather armour    |    39 |     1 ||    40
  Dodge: Dodged            |    87 |    15 ||   102
  Block: Buckler           |     5 |     2 ||     7

Table legend: (Time is in decaauts)
 A = Elapsed time spent in this place.
 B = Non-inter-level travel time spent in this place.
 C = Inter-level travel time spent in this place.
 D = Time resting spent in this place.
 E = Time spent auto-exploring this place.
 F = Levels seen in this place.
 G = Mean time per level.
                   A        B        C        D        E       F      G
               +--------+--------+--------+--------+--------+-----+--------+
         Total |   1527 |   1489 |     38 |    332 |    663 |   2 |  763.5 |
       Dungeon |   1527 |   1489 |     38 |    332 |    663 |   2 |  763.5 |
               +--------+--------+--------+--------+--------+-----+--------+

Top non-repeatable levels by time:
     D:1: 1109 daAuts
     D:2: 417 daAuts
